 Dungeon Crawl Stone Soup version 0.18.1-50-g88ac8fd (webtiles) character file.

104 Peloso the Shield-Bearer (level 4, -2/35 HPs)
             Began as a Demonspawn Fighter on Oct 17, 2016.
             Slain by an ogre
             ... wielding a +0 giant spiked club
              (22 damage)
             ... on level 4 of the Dungeon.
             The game lasted 00:04:28 (2041 turns).

Peloso the Shield-Bearer (Demonspawn Fighter)       Turns: 2041, Time: 00:04:29

Health: -2/35      AC: 10    Str: 17    XL:     4   Next: 52%
Magic:  13/13      EV:  5    Int: 10    God:
Gold:   318        SH:  9    Dex: 12    Spells: 0 memorised, 3 levels left

rFire  . . .     SeeInvis .     a - +0 long sword
rCold  . . .     Gourm    .     B - +0 chain mail (curse)
rNeg   . . .     Faith    .     c - +0 shield
rPois  .         Spirit   .     y - +0 helmet
rElec  .         Dismiss  .     (no cloak)
rCorr  .         Reflect  .     (no gloves)
SustAt .         Harm     .     (no boots)
MR     .....                    (no amulet)
Stlth  ..........               (no ring)
                                n - ring of magical power

@: not resistant to hostile enchantments, extremely unstealthy
A: claws 1, rot immunity
a: no special abilities


You were on level 4 of the Dungeon.
You were not hungry.

You visited 1 branch of the dungeon, and saw 4 of its levels.

You collected 318 gold pieces.

Inventory:

Hand Weapons
 a - a +0 long sword (weapon)
 q - a +1 short sword of electrocution
Armour
 b - a +0 scale mail
 c - a +0 shield (worn)
 y - a +0 helmet (worn)
 B - a cursed +0 chain mail (worn)
Jewellery
 n - a ring of magical power (left claw)
 p - an uncursed amulet of guardian spirit {unknown}
Wands
 r - a wand of iceblast (1/15)
 s - a wand of flame (26/48)
Scrolls
 g - a scroll of recharging {unknown}
 i - 4 scrolls of identify {unknown}
 j - a scroll of enchant weapon {unknown}
 k - 2 scrolls of remove curse {unknown}
 o - 2 scrolls of teleportation {unknown}
 t - 2 scrolls of enchant armour {unknown}
 v - a scroll of amnesia {unknown}
 w - a scroll of noise {unknown}
 x - a scroll of immolation {unknown}
Potions
 d - 2 potions of might
 e - 2 potions of resistance
 h - a potion of flight
 m - 2 potions of curing
 u - a potion of degeneration {unknown}
Comestibles
 f - a bread ration
 l - 3 meat rations
 z - a royal jelly
 A - 8 chunks of flesh


   Skills:
 + Level 3.4 Fighting
 + Level 2.2 Long Blades
 + Level 3.1 Armour
 + Level 1.2 Dodging
 + Level 3.6 Shields


You had 3 spell levels left.
You didn't know any spells.

Dungeon Overview and Level Annotations

Branches:
Dungeon (4/15)
 Temple: D:4-7

Altars:
Makhleb
Nemelex Xobeh
Zin


Innate Abilities, Weirdness & Mutations

You have sharp fingernails.
You are immune to rotting.


Message History

22 stones; a ring mail
Found 18 gold pieces.
You now have 300 gold pieces (gained 17).
You now have 318 gold pieces (gained 18).
An ogre comes into view. It is wielding a giant spiked club.
You see here 13 gold pieces.
An ogre is nearby!
Your chain mail prevents you from hitting the ogre.
The ogre barely misses you.
You hit the ogre.
The ogre is moderately wounded.
The ogre barely misses you.
You hit the ogre.
The ogre is moderately wounded.
The ogre hits you with a giant spiked club!
You closely miss the ogre.
The ogre is moderately wounded.
The ogre hits you with a giant spiked club!!
Ouch! That really hurt!
You die...

#..#.########
#..#.........
#..#########.
#........#
##.#####.#
#.# #$# #.#
#@# #O# ...
##.#. #.#.#
..# # #.# ..#


You could see an ogre.

Vanquished Creatures
  Terence (D:2)
  3 adders
  2 worms (D:3)
  3 giant geckos
  3 orcs (D:3)
  2 giant cockroaches
  6 hobgoblins
  2 quokkas (D:3)
  2 bats
  A giant newt (D:1)
  9 goblins
  2 kobolds (D:1)
  7 rats
43 creatures vanquished.

Notes
Turn   | Place    | Note
--------------------------------------------------------------
     0 | D:1      | Peloso the Demonspawn Fighter began the quest for the Orb.
     0 | D:1      | Reached XP level 1. HP: 18/18 MP: 1/1
   283 | D:1      | Gained mutation: You have sharp fingernails. [demonic ancestry]
   283 | D:1      | Reached XP level 2. HP: 24/24 MP: 2/2
   678 | D:2      | Noticed Terence
   694 | D:2      | Killed Terence
   694 | D:2      | Gained mutation: You are immune to rotting. [demonic ancestry]
   694 | D:2      | Reached XP level 3. HP: 9/29 MP: 3/3
  1241 | D:3      | Found a burning altar of Makhleb.
  1241 | D:3      | Found a sparkling altar of Nemelex Xobeh.
  1244 | D:3      | Found a glowing silver altar of Zin.
  1279 | D:3      | Reached XP level 4. HP: 29/35 MP: 4/4
  1363 | D:3      | Reached skill level 1 in Dodging
  2033 | D:4      | Noticed an ogre
  2041 | D:4      | Slain by an ogre

Skill      XL: |  1  2  3  4 |
---------------+-------------+-----
Shields        | 3 |  3.6
Long Blades    | 2 |  2.2
Armour         | 3 |  3.1
Dodging        | 1 |  1.2
Fighting       | |  3.4

Action                   |  1- 3 |  4- 6 || total
-------------------------+-------+-------++-------
Melee: Long sword        |   101 |    64 ||   165
  Use: Potion            |     3 |       ||     3
  Eat: Chunk             |     1 |     3 ||     4
Armor: Scale mail        |    48 |    20 ||    68
Dodge: Dodged            |    30 |    17 ||    47
Block: Shield            |    73 |    27 ||   100
